AoeStats
← TWNBS_Jian Hei

African Clearing

510556682Analyzed
4v4 RM · 11h ago on Oct 1, 2026· 17m 56s· 8 players
Game mode
Random Map
Map size
Large (8 player)
Population
200
Speed
Normal
Resources
Standard
Victory
Conquest
Starting age
Dark Age
Ending age
Imperial Age
RankedLock teamsTeams togetherTeam positionsShared explorationLock speedFull tech treeHidden civsTurbo modeCheats
Victory
Defeat
🇨🇳 Huns · China
1685
+11
🇨🇳 Berbers · China
1677
+11
🇨🇳 Japanese · China
1618
+14
🇨🇳 Magyars · China
1530
+18
🇹🇼 Huns · Taiwan
1655
-17
🇦🇷 Wei · Argentina
1560
-13
🇹🇼 Persians · Taiwan
1555
-13
🇹🇼 Vietnamese · Taiwan
1497
-11
betterlh
6:05 Loom
13:06 Feudal Age
18:52 Castle Age
布布
11:04 Feudal Age
12:30 Man-at-Arms
15:55 Loom
16:22 Arson
Allen
11:20 Loom
14:29 Feudal Age
18:31 Castle Age
16:36 Double-Bit Axe
17:04 Bloodlines
mzb369
8:27 Loom
12:59 Feudal Age
16:46 Castle Age
15:44 Double-Bit Axe
TW_Dinko
6:17 Loom
13:21 Feudal Age
16:56 Fletching
TW_HIHAO
8:31 Loom
13:49 Feudal Age
17:56 Castle Age
15:48 Double-Bit Axe
15:56 Gold Mining
斷水流大師兄
9:45 Loom
TWNBS_Jian Hei
10:52 Feudal Age
11:26 Double-Bit Axe
12:44 Loom
Connection lost

Rejoining the realm…

Still unreachable

The connection could not be restored.

Session expired

The server has moved on; the page needs a fresh start.